 Dungeon Crawl Stone Soup version 0.24.0-1-gfbc8707 (webtiles) character file.

Game seed: 4213004467917661700, levelgen mode: deterministic

35556 DrEnzyme the Unseen (level 13, -1/96 HPs)
             Began as a Vampire Wanderer on Nov 5, 2019.
             Was an Initiate of Gozag.
             Killed from afar by Jorgrun (17 damage)
             ... with a blast of rock fragments
             ... on level 2 of the Orcish Mines on Nov 6, 2019.
             The game lasted 01:44:56 (22952 turns).

DrEnzyme the Unseen (Vampire Wanderer)             Turns: 22952, Time: 01:44:56

Health: -1/96      AC: 21    Str: 19    XL:     13   Next: 48%
Magic:  0/18       EV: 25    Int: 13    God:    Gozag
Gold:   1852       SH:  7    Dex: 27    Spells: 17/19 levels left

rFire    + . .     SeeInvis +   b - +4 dagger (venom)
rCold    . . .     Gourm    .   W - +0 buckler {rF+}
rNeg     + . .     Faith    .   x - +3 leather armour {MR+}
rPois    .         Spirit   +   X - +2 hat of the Bear Spirit {Spirit, +Rage rN+ MR++}
rElec    .         Reflect  .   y - +1 cloak "Tihuejy" {Dex+8}
rCorr    .         Harm     .   c - +2 pair of gloves {archery}
MR       ++++.                  H - +2 pair of boots
Stlth    +++++++...             (no amulet)
HPRegen  0.46/turn              S - ring of Reostra {+Blink AC+4}
MPRegen  0.16/turn              D - ring of the Lumpy Suns {+Fly Str+4 Dex+3}

@: regenerating quickly
A: no food, fangs 3, see invisible, unbreathing
a: Exsanguinate, Potion Petition, Call Merchant, Bribe Branch, Renounce
Religion, Evoke Blink, Evoke Berserk Rage, Evoke Flight


You were on level 2 of the Orcish Mines.
You worshipped Gozag.
Gozag was most pleased with you.
You were alive.

You visited 3 branches of the dungeon, and saw 19 of its levels.
You also visited: Gauntlet.

You collected 4270 gold pieces.
You spent 2129 gold pieces at shops.
You paid 289 gold pieces to Gozag.

Inventory:

Hand Weapons
 a - a +3 short sword
 b - a +4 dagger of venom (weapon)
 U - the +3 whip "Qocul" {antimagic, rElec}
   (You found it on level 5 of the Lair of Beasts)

   It reduces the magical energy of the wielder, and disrupts the spells and
   magical abilities of those hit.
   Natural abilities and divine invocations are not affected.
   It insulates you from electricity.
Missiles
 m - 17 boomerangs
 p - 426 arrows
 E - 3 silver boomerangs
 G - 8 curare-tipped darts (quivered)
 R - 2 boomerangs of dispersal
Armour
 c - a +2 pair of gloves of archery (worn)
 k - the -2 pair of boots "Raingyxe" {rF+}
   (You found it in a Gauntlet)

   It protects you from fire.
 w - the +0 cloak of Byetsaog {Str+4}
   (You bought it in a shop on level 6 of the Dungeon)

   It affects your strength (+4).
 x - a +3 leather armour of magic resistance (worn)
 y - the +1 cloak "Tihuejy" (worn) {Dex+8}
   (You found it on level 10 of the Dungeon)

   It affects your dexterity (+8).
 H - a +2 pair of boots (worn)
 L - the +0 plate armour of Etiaz {rC- rCorr Str+7}
   (You found it on level 2 of the Lair of Beasts)

   It affects your strength (+7).
   It makes you vulnerable to cold.
   It provides partial protection from all sources of acid and corrosion.
 N - a scarf of resistance
 W - a +0 buckler of fire resistance (worn)
 X - the +2 hat of the Bear Spirit (worn) {Spirit, +Rage rN+ MR++}
   (You bought it in a shop on level 2 of the Orcish Mines)

   It protects you from negative energy.
   It affects your resistance to hostile enchantments.
   It lets you go berserk.
Jewellery
 v - an uncursed ring of flight
 A - an uncursed ring of protection from cold
 C - an uncursed ring of wizardry
 D - the ring of the Lumpy Suns (right hand) {+Fly Str+4 Dex+3}
   (You found it in a Gauntlet)

   [ring of strength]

   It affects your strength (+4).
   It affects your dexterity (+3).
   It lets you fly.
 S - the ring of Reostra (left hand) {+Blink AC+4}
   (You found it on level 5 of the Lair of Beasts)

   [ring of protection]

   It affects your AC (+4).
   It lets you blink.
Wands
 f - a wand of disintegration (7)
 h - a wand of enslavement (6)
 q - a wand of acid (1)
 B - a wand of polymorph (10)
 J - a wand of flame (52)
 O - a wand of random effects (22)
 V - a wand of paralysis (7)
Scrolls
 d - 2 scrolls of blinking
 i - 3 scrolls of identify
 l - 3 scrolls of amnesia
 o - 7 scrolls of remove curse
 r - 3 scrolls of teleportation
 u - 3 scrolls of fog
 z - 2 scrolls of fear
 F - a scroll of immolation
 K - 2 scrolls of torment
 P - a scroll of summoning
Potions
 g - 3 potions of flight
 j - 2 potions of lignification
 n - 5 potions of curing
 s - a potion of might
 t - 5 potions of brilliance
 I - a potion of heal wounds
 Q - a potion of mutation
 T - a potion of invisibility


   Skills:
 + Level 7.0 Fighting
 * Level 12.1 Short Blades
 + Level 2.2 Throwing
 + Level 5.3 Armour
 * Level 12.3 Dodging
 * Level 16.6 Stealth
 + Level 5.6 Shields
 + Level 3.5 Spellcasting
   Level 1.1 Charms
   Level 2.3 Necromancy
 + Level 2.1 Transmutations
 + Level 2.1 Evocations


You had 17 spell levels left.
You knew the following spells:

 Your Spells              Type           Power        Failure   Level  Hunger
b - Sticks to Snakes      Tmut           #.......     16%         2    N/A

Your spell library contained the following spells:

 Spells                   Type           Power        Failure   Level  Hunger
 Animate Skeleton         Necr           N/A          10%         1    N/A
 Beastly Appendage        Tmut           #.....       11%         1    N/A
 Infusion                 Chrm           #...         16%         1    N/A
 Passwall                 Tmut/Erth      #.......     24%         2    N/A
 Song of Slaying          Chrm           #.......     24%         2    N/A
 Apportation              Tloc           #.....       26%         1    N/A
 Confusing Touch          Hex            #.....       26%         1    N/A
 Corona                   Hex            #......      26%         1    N/A
 Shock                    Conj/Air       #...         26%         1    N/A
 Summon Small Mammal      Summ           #...         26%         1    N/A
 Vampiric Draining        Necr           #.........   28%         3    N/A
 Shroud of Golubria       Chrm/Tloc      #.....       30%         2    N/A
 Swiftness                Chrm/Air       #.......     30%         2    N/A
 Ensorcelled Hibernation  Hex/Ice        #.....       36%         2    N/A
 Poisonous Vapours        Pois/Air       #.....       36%         2    N/A
 Regeneration             Chrm/Necr      #.........   36%         3    N/A
 Spider Form              Tmut/Pois      #.........   43%         3    N/A
 Spectral Weapon          Hex/Chrm       #.......     52%         3    N/A
 Confuse                  Hex            #.......     58%         3    N/A
 Conjure Flame            Conj/Fire      #.......     58%         3    N/A
 Dazzling Spray           Conj/Hex       #.....       58%         3    N/A
 Mephitic Cloud           Conj/Pois/Air  #.......     58%         3    N/A
 Static Discharge         Conj/Air       #.......     58%         3    N/A
 Tukima's Dance           Hex            #.......     58%         3    N/A
 Ice Form                 Ice/Tmut       #.......     85%         4    N/A
 Airstrike                Air            #.........   94%         4    N/A
 Blade Hands              Tmut           #.........   96%         5    N/A
 Lightning Bolt           Conj/Air       #.........   100%        5    N/A
 Freezing Cloud           Conj/Ice/Air   #.........   100%        6    N/A
 Ring of Flames           Chrm/Fire      #.........   100%        7    N/A

Dungeon Overview and Level Annotations

Branches:
Dungeon (11/15)            Temple (0/1) D:7            Lair (6/6) D:10
 Shoals (0/4) Lair:4       Spider (0/4) Lair:4        Slime (0/5) Lair:5
    Orc (2/2) D:11            Elf (0/3) Orc:2       Gauntlet (visited)

Altars:
Fedhas
Gozag
Kikubaaqudgha
Makhleb
Qazlal
Ru
Sif Muna
Trog
Uskayaw
Wu Jian
Beogh
Jiyva

Shops:
D:5 =   D:6 [   D:9 *   D:11 *   Orc:2 [(%}

Annotations:
D:6 1 runed translucent door, Caerwyn's ghost, novice GnVM
D:10 exclusion: 2 oklob plants, Urug
Lair:1 exclusions: downstairs and oklob plant
Orc:1 exclusion: downstairs
Orc:2 Jorgrun


Innate Abilities, Weirdness & Mutations

You do not eat.
Your natural rate of healing is unusually fast.
You have razor-sharp teeth.
You have supernaturally acute eyesight. (SInv)
You can survive without breathing.


Message History

Found 13 gold pieces.
You now have 1817 gold pieces (gained 20).
You now have 1852 gold pieces (gained 35).
Jorgrun shouts!
Jorgrun points at you and mumbles some strange words.
The iron shot hits you!!! Jorgrun casts a spell at you.
Roots burst forth from the earth!
The grasping roots grab you! The grasping roots constrict you!
You escape the roots' grasp.
Jorgrun points at you and mumbles some strange words.
The wall shatters!
The blast of rock fragments hits you!! Jorgrun casts a spell past you.
The wall shatters!
The blast of rock fragments hits you!!
* * * LOW HITPOINT WARNING * * *
Jorgrun casts a spell past you.
The wall shatters!
The blast of rock fragments hits you!!
You die...
Your body crumbles into a pile of gold.

#.##...#....#.∩##................
#..##..##..#..###...g............
##.##...##.#.∩# #................
#..##.......## #................
##..##.....## #.....#........g#
##....##### #....##........#.
###### #.#...##.........
#################..#.............
............#<..@.###.##......$..
............##.....#.###........$
[..[[......###...................
...[[).....####...##.............
).)[.).[....###...##.............
[....[)<....#.##......#...#.#...#
...[.......#......##.###.#.......
.................##### ####......
.......[......#.## ......


You could see Jorgrun.

Vanquished Creatures
  2 hydras
  3 orc high priests
  A death yak (Lair:1)
  A two-headed ogre (D:9)
  5 orc knights
  4 orc sorcerers (Orc:2)
  Joseph (D:7)
  3 elephants
  Maurice (D:8)
  A smoke demon (Gauntlet)
  Psyche (D:8)
  An apocalypse crab (Gauntlet)
  3 black mambas
  A gargoyle (D:11)
  14 spiny frogs
  3 komodo dragons
  A rime drake (Lair:3)
  A polar bear (Lair:5)
  A hornet (D:9)
  Grinder (D:6)
  9 blink frogs
  7 hippogriffs
  A centaur simulacrum (Gauntlet)
  17 yaks
  2 wyverns
  2 hogs (D:8)
  A wraith (D:9)
  A human (D:8)
  4 basilisks
  Eustachio (D:6)
  A hungry ghost (D:8)
  10 water moccasins
  An ice beast (D:5)
  6 porcupines
  17 orc warriors
  2 eyes of draining
  A phantom (D:10)
  2 black bears (D:6)
  4 wolves
  10 centaurs
  6 ogres
  9 crocodiles
  A big kobold (D:9)
  Blork the orc (D:6)
  8 bullfrogs
  A gnoll sergeant (D:10)
  A water moccasin zombie (D:10)
  4 scorpions
  21 killer bees
  4 crimson imps
  4 howler monkeys
  2 centaur zombies
  3 jellies
  4 quasits
  15 orc priests
  3 bullfrog skeletons
  11 hounds
  18 orc wizards
  Jessica (D:2)
  A centaur skeleton (D:11)
  2 iguanas
  2 hell rats (Lair:2)
  7 worker ants
  2 hound zombies
  3 hound skeletons
  Robin (D:3)
  4 gnolls (D:10)
  9 river rats (Lair:2)
  9 adders
  A howler monkey skeleton (D:8)
  2 shadow imps
  2 oozes
  An adder skeleton (D:10)
  An adder zombie (D:8)
  7 worms
  3 dart slugs (D:1)
  7 leopard geckos
  60 orcs
  5 giant cockroaches
  14 goblins
  11 hobgoblins
  8 jackals
  A quokka (D:5)
  4 bats
  6 frilled lizards
  13 kobolds
  A leopard gecko skeleton (D:4)
  5 rats
  2 plants
459 creatures vanquished.

Vanquished Creatures (collateral kills)
  An adder (D:4)
  A dart slug (D:4)
  3 orcs
  A goblin (D:3)
  A quokka (D:4)
7 creatures vanquished.

Vanquished Creatures (others)
  An orc wizard (D:5)
  A bush (D:7)
  10 fungi
  4 plants
16 creatures vanquished.

Grand Total: 482 creatures vanquished

Notes
Turn   | Place    | Note
-------+----------+-------------------------------------------
     0 | D:1      | DrEnzyme the Vampire Wanderer began the quest for the Orb.
     0 | D:1      | DrEnzyme set off with the following items: a +2 short
                  | sword, a +0 robe, a +0 dagger; and the following spell
                  | memorised: Animate Skeleton; and the following spells
                  | available to memorise: Passwall, Sticks to Snakes, Vampiric
                  | Draining
     0 | D:1      | Reached XP level 1. HP: 15/15 MP: 3/3
   284 | D:1      | Reached XP level 2. HP: 21/21 MP: 5/5
   929 | D:2      | Reached XP level 3. HP: 22/26 MP: 6/6
   951 | D:2      | Learned a level 2 spell: Sticks to Snakes
  1026 | D:2      | You fall into a shaft and drop 2 floors!
  1042 | D:4      | Reached XP level 4. HP: 18/32 MP: 7/7
  1107 | D:4      | Reached skill level 4 in Stealth
  1242 | D:4      | Reached skill level 1 in Dodging
  1500 | D:2      | Reached XP level 5. HP: 21/38 MP: 8/8
  1749 | D:2      | Noticed Jessica
  1751 | D:2      | Killed Jessica
  1751 | D:2      | Reached skill level 1 in Necromancy
  1890 | D:3      | Found a stormy altar of Qazlal.
  1890 | D:3      | Noticed Robin
  2041 | D:3      | Found a bloodstained altar of Trog.
  2125 | D:3      | Found a burning altar of Makhleb.
  2224 | D:3      | Killed Robin
  2456 | D:3      | Found an ancient bone altar of Kikubaaqudgha.
  2460 | D:3      | Reached skill level 1 in Armour
  2556 | D:3      | Reached XP level 6. HP: 42/44 MP: 9/9
  2579 | D:3      | Noticed a +0 hand axe
  2582 | D:3      | Noticed a +0 dagger
  2584 | D:3      | Found a hide-covered altar of Uskayaw.
  3650 | D:5      | Entered Level 5 of the Dungeon
  3651 | D:5      | Found Muepp's Jewellery Shop.
  3695 | D:5      | Noticed a water moccasin
  3705 | D:5      | Killed a water moccasin
  3705 | D:5      | Reached skill level 5 in Stealth
  3901 | D:5      | Reached XP level 7. HP: 51/51 MP: 11/11
  3919 | D:5      | Reached skill level 5 in Short Blades
  4067 | D:4      | HP: 2/51 [orc wizard/magic dart (4)]
  4729 | D:5      | Found a blossoming altar of Fedhas.
  4984 | D:5      | Reached skill level 6 in Stealth
  5105 | D:5      | Reached XP level 8. HP: 23/46 MP: 12/12
  5756 | D:5      | Found an opulent altar of Gozag.
  5788 | D:5      | Became a worshipper of Gozag Ym Sagoz the Greedy
  5913 | D:6      | Noticed Eustachio
  6089 | D:6      | Found a bloodstained altar of Trog.
  6099 | D:6      | Found a runed translucent door.
  6101 | D:6      | Noticed Caerwyn's ghost (novice GnVM)
  6525 | D:6      | Reached skill level 5 in Dodging
  6577 | D:6      | Found Tapn's Antique Armour Shop.
  6585 | D:6      | Bought a polished cloak for 209 gold pieces
  6590 | D:6      | Identified the +0 cloak of Byetsaog {Str+4} (You bought it
                  | in a shop on level 6 of the Dungeon)
  6602 | D:6      | Bought a dyed leather armour for 110 gold pieces
  6687 | D:5      | Reached skill level 7 in Stealth
  7018 | D:6      | Reached skill level 1 in Throwing
  7251 | D:7      | Noticed Joseph
  7265 | D:6      | Noticed Blork the orc
  7641 | D:6      | Killed Blork the orc
  7641 | D:6      | Reached XP level 9. HP: 49/65 MP: 13/13
  7724 | D:6      | Killed Eustachio
  8025 | D:6      | Noticed a seven-headed hydra
  8025 | D:6      | Noticed a green ugly thing
  8025 | D:6      | Noticed an orc knight
  8086 | D:7      | Found an ornate altar of the Wu Jian Council.
  8180 | D:7      | Found a staircase to the Ecumenical Temple.
  8240 | D:6      | Noticed Grinder
  8268 | D:6      | Killed Grinder
  8349 | D:7      | Killed Joseph
  8349 | D:7      | Reached skill level 8 in Stealth
  8637 | D:8      | Noticed Psyche
  8691 | D:8      | Noticed Maurice
  8719 | D:8      | Identified a scroll of acquirement
  8812 | D:8      | Killed Psyche
  8829 | D:8      | Reached skill level 9 in Stealth
  8982 | D:8      | Found a shimmering blue altar of Sif Muna.
  9165 | D:8      | Reached XP level 10. HP: 34/65 MP: 14/14
  9347 | D:8      | Killed Maurice
  9347 | D:8      | Reached skill level 5 in Fighting
  9347 | D:8      | Reached skill level 10 in Stealth
  9432 | D:8      | Found a sacrificial altar of Ru.
  9581 | D:9      | Paralysed by a hornet for 2 turns
  9969 | D:9      | Found Eplit's Assorted Antiques.
  9972 | D:9      | Bought 2 potions of heal wounds for 260 gold pieces
  9972 | D:9      | Bought a scroll of enchant armour for 195 gold pieces
 10458 | D:10     | Entered Level 10 of the Dungeon
 10556 | D:10     | Reached skill level 11 in Stealth
 10813 | D:10     | Noticed Urug
 10865 | D:10     | Noticed a two-headed ogre
 10900 | D:9      | Killed a two-headed ogre
 11610 | D:10     | Found a staircase to the Lair.
 11615 | D:10     | Noticed an oklob plant
 11615 | D:10     | Noticed an oklob plant
 12376 | D:10     | Got a transparent cloak
 12389 | D:10     | Identified the +1 cloak "Tihuejy" {Dex+8} (You found it on
                  | level 10 of the Dungeon)
 12601 | D:11     | Noticed a gargoyle
 12602 | D:11     | Found Mogymam's Serpentskin Sales.
 12828 | D:11     | Reached skill level 10 in Short Blades
 12828 | D:11     | Reached XP level 11. HP: 77/80 MP: 15/15
 12931 | D:11     | Bought 5 curare-tipped darts for 51 gold pieces
 12964 | D:11     | Found a roughly hewn altar of Beogh.
 13560 | D:11     | Found a staircase to the Orcish Mines.
 13661 | Orc:1    | Entered Level 1 of the Orcish Mines
 13705 | Orc:2    | Entered Level 2 of the Orcish Mines
 13819 | Orc:2    | Noticed Jorgrun
 14040 | Orc:2    | Noticed an orc high priest
 14040 | Orc:2    | Noticed an orc high priest
 14040 | Orc:2    | Noticed an orc high priest
 14040 | Orc:2    | Noticed an orc knight
 14041 | Orc:2    | Noticed an orc knight
 14041 | Orc:2    | Noticed an orc knight
 14041 | Orc:2    | Noticed an orc sorcerer
 14041 | Orc:2    | Noticed an orc knight
 14041 | Orc:2    | Noticed an orc sorcerer
 14041 | Orc:2    | Noticed an orc sorcerer
 14216 | Orc:1    | Killed an orc high priest
 14216 | Orc:1    | Reached skill level 12 in Stealth
 14253 | Orc:1    | Killed an orc high priest
 14631 | D:11     | Noticed an orc knight
 14818 | Lair:1   | Entered Level 1 of the Lair of Beasts
 14843 | Lair:1   | Reached skill level 10 in Dodging
 14860 | Lair:1   | Found a gate leading to a gauntlet.
 15105 | Gauntlet | Entered a Gauntlet
 15105 | Gauntlet | Found a transporter.
 15105 | Gauntlet | Found a transporter.
 15105 | Gauntlet | Found a transporter.
 15106 | Gauntlet | Found a transporter.
 15107 | Gauntlet | Found a transporter.
 15111 | Gauntlet | Found a transporter.
 15116 | Gauntlet | Found a transporter.
 15116 | Gauntlet | Noticed a wizard
 15118 | Gauntlet | Found a transporter.
 15119 | Gauntlet | Found a transporter.
 15122 | Gauntlet | Found a transporter.
 15129 | Gauntlet | Found a transporter.
 15130 | Gauntlet | Found a transporter.
 15398 | Gauntlet | Got a warped copper ring
 15446 | Gauntlet | Identified the ring of the Lumpy Suns {+Fly Str+4 Dex+3}
                  | (You found it in a Gauntlet)
 15504 | Gauntlet | Got a pair of spiked boots
 15528 | Gauntlet | Noticed a minotaur
 15665 | Lair:1   | Identified the -2 pair of boots "Raingyxe" {rF+} (You found
                  | it in a Gauntlet)
 15679 | Lair:1   | Noticed an oklob plant
 15799 | Lair:1   | Noticed a five-headed hydra
 16084 | Lair:1   | Killed a five-headed hydra
 16084 | Lair:1   | Reached skill level 1 in Transmutations
 16084 | Lair:1   | Reached XP level 12. HP: 88/88 MP: 15/17
 16313 | Lair:2   | Noticed a death yak
 16313 | Lair:2   | Noticed a death yak
 16313 | Lair:2   | Noticed a death yak
 16313 | Lair:2   | Noticed a death yak
 16313 | Lair:2   | Noticed a death yak
 16561 | Lair:2   | Got a polished plate armour
 16668 | Lair:2   | Got a jewelled helmet
 16709 | Lair:1   | Identified the +0 plate armour of Etiaz {rC- rCorr Str+7}
                  | (You found it on level 2 of the Lair of Beasts)
 16710 | Lair:1   | Identified the +1 helmet "Wigep" {rF+ Str-2 Int+6} (You
                  | found it on level 2 of the Lair of Beasts)
 16811 | Lair:2   | Reached skill level 13 in Stealth
 17914 | Lair:3   | Reached skill level 14 in Stealth
 18942 | Lair:4   | Reached skill level 15 in Stealth
 19111 | Lair:4   | Reached skill level 5 in Armour
 19118 | Lair:4   | Noticed an eight-headed hydra
 19128 | Lair:4   | Killed an eight-headed hydra
 19254 | Lair:4   | Noticed a death yak
 19254 | Lair:4   | Noticed a death yak
 19254 | Lair:4   | Noticed a death yak
 19255 | Lair:4   | Noticed a death yak
 19504 | Lair:4   | You fall into a shaft and drop 2 floors!
 19504 | Lair:6   | Entered Level 6 of the Lair of Beasts
 19568 | Lair:5   | Got a smoking lapis lazuli ring
 19570 | Lair:5   | Identified the ring of Reostra {+Blink AC+4} (You found it
                  | on level 5 of the Lair of Beasts)
 19755 | Lair:4   | Found a staircase to the Shoals.
 19774 | Lair:4   | Noticed a four-headed hydra
 20026 | Lair:5   | Reached XP level 13. HP: 76/76 MP: 18/18
 20105 | Lair:5   | Reached skill level 5 in Shields
 20368 | Lair:4   | Found a hole to the Spider Nest.
 20768 | Lair:5   | Identified the +3 whip "Qocul" {antimagic, rElec} (You
                  | found it on level 5 of the Lair of Beasts)
 20782 | Lair:5   | Found a staircase to the Slime Pits.
 20800 | Lair:5   | Found a viscous altar of Jiyva.
 21107 | Lair:5   | Reached skill level 16 in Stealth
 22513 | Orc:2    | Found Taifisich's Weapon Shoppe.
 22513 | Orc:2    | Found Nenottyo's Antique Armour Shoppe.
 22514 | Orc:2    | Found Urhererph's Gadget Shop.
 22514 | Orc:2    | Found Finaesh's Food Shop.
 22570 | Orc:2    | Bought a shiny buckler for 210 gold pieces
 22570 | Orc:2    | Bought the +2 hat of the Bear Spirit {Spirit, +Rage rN+
                  | MR++} for 1094 gold pieces
 22570 | Orc:2    | Found the +2 hat of the Bear Spirit {Spirit, +Rage rN+
                  | MR++}
 22823 | Orc:2    | Found a staircase to the Elven Halls.
 22952 | Orc:2    | Killed from afar by Jorgrun

Levels and vault maps discovered:
D:1:      nicolae_arrival_somewhat_less_tricky_arrival, layout_basic,
          chequers_serial_rivers_micro_c
D:2:      minmay_wonky_spiral, layout_basic, first_ration, uniq_jessica
D:3:      layout_loops_ring, lemuel_coloured_pillars_altar,
          makhleb_blood_cavern_becter, nicolae_overflow_crystal_walls,
          dancing_weapons_uskayaw, kiku_gazebo_garden_becter, moated_statue,
          uniq_robin
D:4:      layout_basic
D:5:      layout_loops_ring, lemuel_doored_altar, kennysheep_mini_moat,
          serial_shops, nicolae_shop_stone
D:6:      minmay_klotski, layout_loops_ring, serial_shops, shop,
          hellmonk_ghost_happy_afterlife, trog_ov_bears_minmay, uniq_grinder,
          uniq_blork_the_orc, uniq_eustachio
D:7:      layout_rooms, overflow_temple_1_default,
          minmay_temple_entry_purple_smoke, basic_altar,
          kb_lookout_dungeons_type, chequers_mini_garden, uniq_joseph
D:8:      layout_cave_pools, lemuel_blue_sif_altar,
          nicolae_ru_the_path_less_chosen, grunt_livestock, uniq_psyche,
          uniq_maurice
D:9:      layout_basic, serial_shops, nicolae_shop_behind_doors
D:10:     layout_rooms, dpeg_oklobed_lair, uniq_urug
D:11:     layout_roguey, david_orc_5, hangedman_decor_points, solitary_fountain,
          guppyfry_shop_venom
Lair:1:   layout_hall_layers, gauntlet_entry_generic, serial_bayou_shore_b,
          lemuel_fruit_tree, minmay_lair_oklob_chamber
Lair:2:   layout_loops_ring, kennysheep_rathole
Lair:3:   layout_concentric_octagons, lemuel_old_faithful
Lair:4:   layout_big_grid, minmay_shoals_entry_centaurs,
          spider_nest_entry_web_field, chequers_serial_rivers_marsh, bh_chokoban
Lair:5:   layout_regular_city, slime_altar_1, hibernation_bobbens,
          grunt_megastairs_3
Lair:6:   gammafunk_lair_ancient_temple, layout_loops_ring,
          portal_ice_cave_rime, grunt_forest_small_clearing_treed,
          serial_bayou_shore_b
Orc:1:    layout_diamond_mine, mines3_lemuel
Orc:2:    st_orc_elflike, layout_caves, uniq_jorgrun

Skill      XL: |  1  2  3  4  5  6  7  8  9 10 11 12 13 |
---------------+----------------------------------------+-----
Short Blades   | 3 4 5 7 8 10 11 12 | 12.1
Stealth        | 4 5 6 7 9 11 12 15 16 | 16.6
Dodging        | 1 2 3 4 5 7 8 10 11 12 | 12.3
Fighting       | 2 3 4 5 6 7 |  7.0
Necromancy     | 1 2 |  2.3
Armour         | 1 2 3 4 5 |  5.3
Spellcasting   | 3 |  3.5
Throwing       | 1 2 |  2.2
Shields        | 3 4 5 |  5.6
Transmutations | 1 2 |  2.1
Evocations     | 2 |  2.1
Charms         | |  1.1

Action                   |  1- 3 |  4- 6 |  7- 9 | 10-12 | 13-15 || total
-------------------------+-------+-------+-------+-------+-------++-------
Melee: Short sword       |    62 |   191 |   266 |    94 |       ||   613
       Bite              |     5 |    18 |    67 |   280 |   115 ||   485
       Dagger            |       |       |   261 |  1353 |   480 ||  2094
Throw: Boomerang         |     5 |    15 |    22 |    26 |       ||    68
       Dart              |       |       |       |       |     7 ||     7
 Cast: Animate Skeleton  |       |    27 |    12 |       |       ||    39
       Sticks to Snakes  |       |       |       |     8 |       ||     8
Invok: Potion Petition   |       |       |     1 |     1 |       ||     2
 Abil: Exsanguinate      |       |       |     3 |     3 |       ||     6
       Revivify          |       |       |     3 |     2 |     1 ||     6
Evoke: Wand              |       |     2 |       |    14 |       ||    16
  Use: Scroll            |     2 |     9 |     6 |    18 |     1 ||    36
       Potion            |     3 |       |    10 |     5 |       ||    18
 Stab: Sleeping          |     4 |     8 |     8 |    36 |     3 ||    59
       Distracted        |       |     4 |     3 |    12 |     4 ||    23
Armor: Robe              |     1 |       |       |       |       ||     1
       Leather armour    |    12 |    26 |   158 |   191 |    37 ||   424
Dodge: Dodged            |    37 |    95 |   360 |   781 |   152 ||  1425
Block: Buckler           |       |       |       |   141 |    89 ||   230
